 Dungeon Crawl Stone Soup version 0.27-b1-23-g44b8eac545 (webtiles) character file.

Game seed: 17879033017613612398

3078 Urokeeper the Slicer (level 9, -2/69 HPs)
             Began as a Vampire Brigand on July 27, 2021.
             Was a Priest of Trog.
             Slain by an orc warlord (18 damage)
             ... in a bailey.
             The game lasted 00:55:01 (7045 turns).

Urokeeper the Slicer (Vampire Brigand)              Turns: 7045, Time: 00:55:01

Health: -2/69      AC: 13    Str: 13    XL:     9   Next: 58%
Magic:  9/9        EV:  8    Int: 24    God:    Trog [***...]
Gold:   560        SH:  0    Dex: 23    Spells: 6/8 levels left

rFire    + . .     SeeInvis +   B - +1 dagger (venom)
rCold    + . .     Faith    .   (no shield)
rNeg     + . .     Spirit   .   i - +0 chain mail
rPois    +         Reflect  .   (no helmet)
rElec    .         Harm     .   c - +0 cloak
rCorr    .         Rampage  .   E - +1 pair of gloves "Fegar" {rN+ Str+3}
Will     ++...                  (no boots)
Stlth    +.........             A - amulet of regeneration
HPRegen  2.41/turn              v - +6 ring of intelligence
MPRegen  0.11/turn              L - ring of Ubocwona {rPois rF+ rC+ Int+5 Dex+4}

@: strong-willed (expiring), on berserk cooldown, regenerating (expiring),
slowed, very slow
A: alive, fangs 3, see invisible, vampiric 2
a: Exsanguinate, Renounce Religion, Berserk, Trog's Hand


You were in a bailey.
You worshipped Trog.
Trog was most pleased with you.
You visited 1 branch of the dungeon, and saw 7 of its levels.
You also visited: Ossuary and Bailey.

You collected 560 gold pieces.

Inventory:

Hand Weapons
 a - a +2 dagger
 h - a +0 dagger of venom
 l - a +1 short sword of flaming
 B - a +1 dagger of venom (weapon)
 F - the +7 great sword of Wasur {vorpal, rElec rC+ Str-4 SInv}
   (You found it on level 5 of the Dungeon)

   It inflicts extra damage upon your enemies.
   Str:       It affects your strength (-4).
   rC:        It protects you from cold.
   rElec:     It insulates you from electricity.
   SInv:      It lets you see invisible.
 O - the +5 hunting sling of Grandeur {flame, +Blink Fly rC+ Stlth-}
   (You found it on level 6 of the Dungeon)

   Any ammunition fired from it burns those it strikes, dealing additional fire
   damage.
   rC:        It protects you from cold.
   Fly:       It grants you flight.
   +Blink:    It lets you blink.
   Stlth:     It makes you less stealthy.
Missiles
 d - 12 poisoned darts
 o - 2 throwing nets
 J - 17 bolts
 K - a javelin (quivered)
 R - 47 boomerangs
Armour
 b - a +0 robe
 c - a +0 cloak (worn)
 i - a +0 chain mail (worn)
 p - a +0 leather armour
 E - the +1 pair of gloves "Fegar" (worn) {rN+ Str+3}
   (You found it on level 4 of the Dungeon)

   Str:       It affects your strength (+3).
   rN:        It protects you from negative energy.
 I - +0 swamp dragon scales
 T - +0 steam dragon scales
Jewellery
 q - a ring of wizardry
 v - a +6 ring of intelligence (left hand)
 A - an amulet of regeneration (around neck)
 C - a +6 ring of intelligence
 L - the ring of Ubocwona (right hand) {rPois rF+ rC+ Int+5 Dex+4}
   (You found it on level 5 of the Dungeon)

   [ring of protection from cold]

   Int:       It affects your intelligence (+5).
   Dex:       It affects your dexterity (+4).
   rF:        It protects you from fire.
   rC:        It protects you from cold.
   rPois:     It protects you from poison.
Wands
 t - a wand of flame (13)
 y - a wand of iceblast (7)
Scrolls
 j - a scroll of noise
 m - 2 scrolls of enchant armour
 n - 4 scrolls of teleportation
 s - a scroll of immolation
 w - 5 scrolls of fog
 x - 3 scrolls of magic mapping
 z - 4 scrolls of amnesia
 S - 2 scrolls of enchant weapon
Potions
 e - a potion of lignification
 f - 3 potions of curing
 g - 2 potions of flight {unknown}
 k - a potion of cancellation {unknown}
 r - 2 potions of resistance
 u - a potion of might {unknown}
 D - 2 potions of brilliance {unknown}
 G - 2 potions of attraction {unknown}
 H - a potion of berserk rage {unknown}
 N - 3 potions of ambrosia
 P - a potion of haste
 Q - 2 potions of degeneration {unknown}
 U - a potion of magic {unknown}
 V - a potion of experience
Miscellaneous
 M - a phantom mirror


   Skills:
 + Level 5.9 Fighting
 + Level 8.7 Short Blades
 + Level 3.1 Throwing
 + Level 6.1 Armour
 + Level 3.4 Dodging
 + Level 7.0 Stealth


You had 6 spell levels left.
You knew the following spells:

 Your Spells              Type           Power      Damage    Failure   Level
a - Poisonous Vapours     Pois/Air       0%         N/A       99%         2

Your spell library contained the following spells:

 Spells                   Type           Power      Damage    Failure   Level
 Sting                    Tmut/Pois      0%         1d3       98%         1
 Blink                    Tloc           N/A        N/A       99%         2
 Slow                     Hex            0%         N/A       99%         2
 Confusing Touch          Hex            0%         N/A       100%        3
 Lesser Beckoning         Tloc           0%         N/A       100%        3
 Summon Guardian Golem    Hex/Summ       0%         N/A       100%        3
 Olgreb's Toxic Radiance  Pois           0%         N/A       100%        4
 Manifold Assault         Tloc           0%         N/A       100%        5
 Yara's Violent Unravell  Hex/Tmut       0%         3d3       100%        5
 Orb of Destruction       Conj           0%         N/A       100%        7
 Spellforged Servitor     Conj/Summ      0%         N/A       100%        7


Dungeon Overview and Level Annotations

Branches:
Dungeon (7/15)             Temple (0/1) D:6         Ossuary (visited)
 Bailey (1/1)

Altars:
Cheibriados
Elyvilon
Okawaru
Trog
The Shining One

Shops:
D:1 *


Innate Abilities, Weirdness & Mutations

Your natural rate of healing is accelerated.
You have razor-sharp teeth.
You have supernaturally acute eyesight. (SInv)
You are afflicted with vampirism and can become a bat while bloodless.


Message History

a +0 hand axe; a +0 leather armour; a goblin corpse The kobold shouts! x2
The kobold throws a boomerang.
The boomerang hits you but does no damage.
The kobold throws a boomerang.
The boomerang hits you.
The orc warlord hits you with a +0 war axe!
You hear a shout!
The kobold shouts!
There is an open door here.
Your skin stops crawling.
You feel less strong-willed.
The kobold throws a boomerang.
The boomerang closely misses you.
The kobold throws a boomerang.
The boomerang hits you but does no damage.
Your skin crawls.
You feel strong-willed.
The orc warlord hits you with a +0 war axe!!
* * * LOW HITPOINT WARNING * * *
The kobold throws a boomerang.
The boomerang barely misses you.
The kobold throws a boomerang.
The boomerang hits you.
* * * LOW HITPOINT WARNING * * *
The kobold throws a boomerang.
The boomerang barely misses you.
The orc warlord hits you but does no damage.
The kobold throws a boomerang.
The boomerang barely misses you.
The kobold throws a boomerang.
The boomerang barely misses you.
The kobold throws a boomerang.
The boomerang hits you.
The orc warlord hits you with a +0 war axe!
* * * LOW HITPOINT WARNING * * *
The kobold throws a boomerang.
The boomerang barely misses you.
The kobold throws a boomerang.
The boomerang hits you.
* * * LOW HITPOINT WARNING * * *
You feel the effects of Trog's Hand fading.
The kobold throws a boomerang.
The boomerang hits you but does no damage.
The orc warlord hits you with a +0 war axe!
* * * LOW HITPOINT WARNING * * *
There is an open door, spattered with blood here.
You feel better.
The kobold throws a boomerang.
The boomerang hits you.
* * * LOW HITPOINT WARNING * * *
The orc warlord hits you with a +0 war axe!!
You die...

♣##...).#≈≈≈≈≈≈≈≈≈#....
♣.##....#≈.8...8.≈# ...
♣♣..###'###.......## ##
♣...≈≈≈.#≈≈.8...8.≈≈
♣..K≈≈≈.#≈.........≈
∩..K≈≈≈.# ....∩....
♣...≈≈≈g# .......
♣...≈≈≈o# 8...8..
♣♣..###@# ........≈
♣.##...# )?8o..8!)≈
♣##....## ≈#####≈≈ #.
##......####...####..
#.......)............
#..8..8.)...........8
#....................
##...................
##..†8...##†''##..


You could see an orc warlord (very poisoned), a goblin and 2 kobolds.

Vanquished Creatures
  An orc knight (Bailey)
  A wyvern (D:7)
  A steam dragon (D:7)
  A water moccasin (D:7)
  2 orc warriors
  A sky beast (D:5)
  An ogre (D:6)
  A phantom (D:5)
  2 centaurs
  An elf zombie (Ossuary)
  A bullfrog (D:6)
  6 scorpions
  A wyvern skeleton (D:7)
  A water moccasin skeleton (D:5)
  3 electric eels (D:5)
  3 gnoll shamans
  A human zombie (Ossuary)
  2 hounds
  2 centaur zombies (Ossuary)
  A bullfrog skeleton (D:5)
  An orc priest (D:5)
  2 centaur skeletons (D:7)
  An iguana (D:4)
  7 orc wizards
  A scorpion zombie (D:5)
  A hound skeleton (D:4)
  2 mummies (Ossuary)
  A howler monkey zombie (D:7)
  15 gnolls
  3 adders
  A shadow imp (D:5)
  An ufetubus (D:5)
  An adder skeleton (D:4)
  3 adder zombies (Ossuary)
  3 worms
  3 dart slugs
  30 orcs
  5 bats
  2 endoplasms
  5 giant cockroaches
  7 goblins
  12 hobgoblins
  2 jackals (D:1)
  8 quokkas
  6 ball pythons
  5 frilled lizards
  2 goblin zombies (Ossuary)
  8 hobgoblin zombies (Ossuary)
  16 kobolds
  6 kobold zombies (Ossuary)
  11 orc zombies (Ossuary)
  A rat (D:1)
  2 rat zombies (Ossuary)
207 creatures vanquished.

Vanquished Creatures (others)
  6 plants
6 creatures vanquished.

Grand Total: 213 creatures vanquished

Notes
Turn   | Place    | Note
-------+----------+-------------------------------------------
     0 | D:1      | Urokeeper the Vampire Brigand began the quest for the Orb.
     0 | D:1      | Reached XP level 1. HP: 16/16 MP: 1/1
   144 | D:1      | Reached XP level 2. HP: 22/22 MP: 2/2
   251 | D:1      | Found a faded altar of an unknown god.
   656 | D:1      | Found Toru's Assorted Antiques.
   923 | D:2      | Gained mutation: You are afflicted with vampirism and can
                  | become a bat while bloodless. [Vampire growth]
   923 | D:2      | Reached XP level 3. HP: 27/27 MP: 3/3
  1174 | D:2      | Found an iron altar of Okawaru.
  1330 | D:2      | Learned a level 2 spell: Poisonous Vapours
  1554 | D:2      | Reached skill level 3 in Short Blades
  1818 | D:3      | Reached XP level 4. HP: 10/33 MP: 4/4
  2015 | D:3      | Reached skill level 1 in Armour
  2112 | D:3      | Noticed a scorpion
  2118 | D:3      | Killed a scorpion
  2119 | D:3      | Reached XP level 5. HP: 40/40 MP: 5/5
  2697 | D:3      | Found a bloodstained altar of Trog.
  2783 | D:3      | Became a worshipper of Trog the Wrathful
  2968 | D:4      | Identified the +1 pair of gloves "Fegar" {rN+ Str+3}
  3179 | D:4      | Reached XP level 6. HP: 43/47 MP: 6/6
  3407 | D:4      | Reached skill level 4 in Short Blades
  3880 | D:5      | Entered Level 5 of the Dungeon
  3883 | D:5      | Noticed a sky beast
  3927 | D:5      | Reached XP level 7. HP: 52/52 MP: 7/7
  4034 | D:5      | Identified the ring of Ubocwona {rPois rF+ rC+ Int+5 Dex+4}
  4235 | D:5      | Reached * piety under Trog
  4292 | D:5      | HP: 2/54 [orc warrior (17)]
  4303 | D:5      | Reached skill level 5 in Short Blades
  4423 | D:5      | Identified the +7 great sword of Wasur {vorpal, rElec rC+
                  | Str-4 SInv}
  4448 | D:5      | Reached XP level 8. HP: 60/60 MP: 8/8
  4689 | D:5      | HP: 2/90 [electric eel/bolt of electricity (5)]
  4691 | D:5      | Reached skill level 6 in Short Blades
  4975 | D:6      | Identified the +5 hunting sling of Grandeur {flame, +Blink
                  | Fly rC+ Stlth-}
  5047 | D:6      | Found a sand-covered staircase.
  5055 | Ossuary  | Entered an ossuary
  5133 | Ossuary  | Reached ** piety under Trog
  5291 | Ossuary  | Reached skill level 5 in Armour
  5567 | D:6      | Found a snail-covered altar of Cheibriados.
  5590 | D:6      | Reached skill level 7 in Short Blades
  5607 | D:6      | Found an iron altar of Okawaru.
  5874 | D:6      | Found a staircase to the Ecumenical Temple.
  6070 | D:7      | Reached XP level 9. HP: 67/67 MP: 9/9
  6258 | D:7      | Reached skill level 5 in Fighting
  6300 | D:7      | Reached *** piety under Trog
  6589 | D:7      | Reached skill level 8 in Short Blades
  6723 | D:7      | Found a flagged portal.
  6739 | Bailey   | Entered a bailey
  6744 | Bailey   | Noticed an orc warlord
  6827 | Bailey   | Noticed an orc knight
  6863 | Bailey   | Killed an orc knight
  6944 | Bailey   | Found a runed translucent gate.
  6948 | Bailey   | Found a runed translucent gate.
  6951 | Bailey   | Found a runed translucent gate.
  7045 | Bailey   | Slain by an orc warlord

Illustrated notes

Levels and vault maps discovered:
D:1:      scummos_arrival_hexagon, layout_loops_ring,
          chequers_ecumenical_altar_island, serial_shops, shop
D:2:      layout_basic, basic_altar, kennysheep_cluttered_room,
          minmay_misc_feat_secret_circle, st_stairs_8
D:3:      layout_loops_ring, trog_hazing_becter, minmay_fractal_squares_5
D:4:      layout_rooms, kennysheep_diamond, amethyst_killhole
D:5:      cheibrodos_two_vegetables, layout_rooms
D:6:      layout_cave_pools, elyvilon_altar_3, tso_oasis_becter,
          mainiacjoe_overflow_catch_the_wave, minmay_temple_entry_fiery,
          enter_ossuary_1, kennysheep_another_room
D:7:      layout_basic, nemelex_dance_club_becter, lightli_bailey_entry_fortress
Bailey:   bailey_axe_bossmonster_kennysheep, bailey

Skill      XL: |  1  2  3  4  5  6  7  8  9 |
---------------+----------------------------+-----
Stealth        | 6 7 |  7.0
Fighting       | 2 3 4 5 |  5.9
Short Blades   | 3 4 5 7 8 |  8.7
Armour         | 1 2 3 4 5 6 |  6.1
Throwing       | 2 3 |  3.1
Dodging        | 2 3 |  3.4

Action                   |  1- 3 |  4- 6 |  7- 9 || total
-------------------------+-------+-------+-------++-------
Melee: Dagger            |   132 |   200 |   618 ||   950
       Bite              |    12 |    27 |    90 ||   129
Throw: Dart              |       |    29 |     6 ||    35
       Javelin           |       |     4 |    10 ||    14
Invok: Berserk           |       |       |    10 ||    10
       Trog's Hand       |       |       |     4 ||     4
Evoke: Wand              |       |     1 |     1 ||     2
  Use: Scroll            |     2 |     2 |    10 ||    14
       Potion            |       |       |     3 ||     3
 Stab: Sleeping          |     2 |       |       ||     2
Armor: Robe              |     7 |       |       ||     7
       Chain mail        |    76 |   114 |   320 ||   510
Dodge: Dodged            |    29 |    35 |   164 ||   228
